Map: Arctic Dream LE

Players

Silver

  • Race: Protoss Protoss
  • Spawn Location: 11:00

Andrusha

  • Race: Protoss Protoss
  • Spawn Location: 12:00

qqq - Winner!

  • Race: Zerg Zerg
  • Spawn Location: 6:00

Massa - Winner!

  • Race: Terran Terran
  • League: Gold
  • Spawn Location: 5:00

VOD

Have the link to the VOD?

Description

Time

  • Played on: June 22, 2020, 3:26 p.m.
  • Length: 19:16
Show
View Real Time Build Order
Export as new Build Order

Silver Protoss 

Build Orders: Double Forge 

Get SALT Encoding   

  12  0:01  Probe  
  13  0:18  Pylon  
  13  0:20  Probe  
  13  0:28  Probe  
  15  0:39  Gateway  
  15  0:43  Probe  
  15  0:46  Assimilator  
  16  0:54  Probe  
  17  0:58  Pylon  
  17  1:02  Probe  
  17  1:10  Probe  
  18  1:14  Gateway  
  19  1:21  Assimilator  
  19  1:34  Cybernetics Core  
  19  1:36  Zealot  
  21  1:43  Probe  
  22  1:55  Probe  
  23  2:07  Probe, Warp Gate  
  24  2:10  Stalker  
  24  2:12  Adept  
  28  2:19  Probe  
  29  2:42  Adept  
  31  2:47  Nexus  
  31  2:58  Pylon  
  31  3:09  Pylon  
  31  3:15  Gateway  
  31  3:16  Adept  
  33  3:21  Robotics Facility  
  33  3:37  Pylon  
  33  3:56  Pylon  
  33  3:58  Stalker x2  
  33  3:59  Probe  
  33  4:02  Probe  
  39  4:07  Probe  
  40  4:10  Observer  
  40  4:14  Probe  
  40  4:16  Probe  
  43  4:30  Probe, Forge  
  43  4:33  Probe, Forge  
  45  4:38  Probe  
  45  4:45  Probe  
  47  4:49  Stalker  
  47  4:50  Stalker  
  51  4:53  Sentry  
  51  4:54  Probe  
  51  4:58  Probe  
  55  5:06  Probe  
  56  5:08  Pylon  
  56  5:10  Probe  
  56  5:13  Pylon  
  57  5:17  Protoss Ground Weapons Level 1, Protoss Ground Armor Level 1  
  57  5:20  Warp Prism  
  59  5:37  Gateway  
  59  5:41  Robotics Bay  
  59  5:58  Photon Cannon  
  59  6:02  Photon Cannon  
  59  6:12  Immortal  
  63  6:32  Adept x2  
  67  6:34  Adept  
  69  6:52  Extended Thermal Lance  
  69  6:55  Stalker x3  
  69  6:56  Stalker  
  69  7:01  Immortal  
  81  7:04  Probe  
  81  7:05  Probe  
  81  7:07  Assimilator  
  83  7:12  Photon Cannon, Assimilator  
  79  7:16  Probe  
  79  7:17  Probe, Photon Cannon  
  71  7:29  Probe  
  72  7:36  Adept  
  74  7:37  Adept x2  
  74  7:39  Adept  
  80  7:52  Probe  
  80  7:55  Probe  
  82  8:00  Probe  
  83  8:07  Probe, Zealot x4  
  92  8:16  Nexus  
  92  8:35  Pylon  
  92  8:37  Pylon  
  92  8:40  Probe, Pylon  
  93  8:49  Colossus  
  93  8:53  Adept  
  93  8:55  Adept x2  
  103  8:56  Adept  
  105  9:34  Stalker x4  
  105  9:36  Warp Prism  
  84  10:14  Colossus  
  84  10:16  Stalker  
  84  10:17  Stalker x3  
  98  10:27  Shield Battery  
  98  10:29  Shield Battery  
  98  10:31  Shield Battery  
  98  10:33  Shield Battery  
  98  10:35  Shield Battery  
  98  10:37  Shield Battery  
  98  10:39  Twilight Council  
  98  10:49  Robotics Facility  
  98  10:53  Stalker x4  
  106  11:35  Adept x3  
  106  11:36  Adept  
  61  12:07  Adept x2  
  61  12:08  Adept x2  
  49  12:38  Stalker x4  
  44  13:04  Probe, Dark Shrine  
  41  13:07  Assimilator  
  41  13:09  Assimilator  
  41  13:12  Probe  
  36  13:15  Gateway  
  36  13:17  Gateway  
  36  13:18  Gateway  
  20  13:22  Probe  
  20  13:24  Gateway  
  21  13:27  Gateway  
  21  13:28  Protoss Ground Weapons Level 2, Protoss Ground Armor Level 2  
  21  13:29  Gateway  
  21  13:31  Nexus  
  21  13:34  Probe, Gateway  
  22  13:36  Charge, Pylon  
  22  13:39  Pylon  
  22  13:41  Pylon  
  22  13:44  Pylon  
  22  13:46  Probe  
  23  13:54  Photon Cannon  
  23  13:56  Photon Cannon  
  23  14:00  Photon Cannon  
  23  14:04  Photon Cannon  
  23  14:27  Dark Templar x2  
  23  14:28  Dark Templar x4  
  23  15:27  Zealot x2  
  23  15:28  Zealot x4  
  33  15:29  Zealot  
  37  15:41  Probe  
  37  15:45  Probe  
  37  15:49  Probe  
  39  15:53  Probe  
  40  15:59  Probe, Zealot x3  
  40  16:03  Probe  
  47  16:11  Probe  
  47  16:15  Probe  
  47  16:18  Zealot  
  47  16:19  Zealot x2  
  47  16:20  Zealot  
  47  16:23  Probe  
  46  16:39  Gateway  
  44  16:40  Gateway  
  44  16:42  Gateway  
  44  16:45  Gateway  
  42  16:52  Zealot  
  42  16:53  Zealot x5  
  54  17:08  Dark Templar  
  56  17:13  Dark Templar x2  
  36  17:46  Zealot x4  
  36  17:47  Zealot x2  
  44  18:05  Zealot  
  32  18:39  Dark Templar x2  
  32  18:40  Dark Templar  
Show
View Real Time Build Order
Export as new Build Order

Andrusha Protoss 

Build Orders: Phoenix Opening, Carriers 

Get SALT Encoding   

  12  0:01  Probe  
  13  0:13  Probe  
  14  0:17  Pylon  
  14  0:25  Probe  
  15  0:36  Gateway  
  15  0:38  Probe  
  16  0:45  Assimilator  
  16  0:50  Probe  
  17  1:02  Probe  
  17  1:03  Pylon  
  18  1:11  Assimilator  
  18  1:15  Probe  
  19  1:27  Probe  
  19  1:30  Cybernetics Core  
  20  1:34  Cybernetics Core  
  20  1:39  Probe  
  21  1:45  Zealot  
  23  2:02  Probe  
  24  2:14  Probe, Pylon  
  25  2:29  Stalker  
  25  2:41  Nexus  
  27  2:47  Stargate  
  27  2:50  Probe  
  28  3:02  Probe  
  29  3:14  Probe  
  30  3:23  Phoenix  
  30  3:26  Probe, Shield Battery  
  31  3:27  Pylon  
  33  3:38  Probe  
  34  3:42  Forge  
  34  3:46  Phoenix  
  34  3:50  Assimilator  
  34  3:52  Assimilator  
  36  3:58  Probe  
  36  4:00  Probe  
  38  4:07  Phoenix  
  38  4:10  Probe  
  38  4:12  Probe  
  42  4:17  Adept  
  42  4:22  Probe  
  45  4:24  Probe  
  45  4:26  Phoenix  
  46  4:34  Probe  
  46  4:36  Probe  
  50  4:44  Photon Cannon  
  50  4:46  Probe  
  50  4:48  Probe  
  52  4:58  Probe  
  53  5:00  Probe  
  53  5:02  Photon Cannon  
  54  5:07  Pylon  
  54  5:10  Probe  
  54  5:13  Probe, Phoenix  
  58  5:22  Probe  
  58  5:25  Probe  
  60  5:34  Probe  
  61  5:38  Phoenix  
  61  6:03  Phoenix  
  63  6:10  Probe x2  
  65  6:22  Phoenix, Fleet Beacon  
  65  6:23  Cybernetics Core  
  65  6:25  Stargate  
  67  6:38  Adept  
  69  6:40  Shield Battery  
  69  6:42  Pylon  
  69  6:43  Protoss Air Weapons Level 1  
  69  6:45  Pylon  
  69  6:46  Protoss Air Armor Level 1  
  69  7:00  Void Ray  
  73  7:04  Stargate  
  73  7:06  Stargate  
  73  7:09  Sentry  
  73  7:13  Void Ray  
  79  7:15  Probe  
  79  7:16  Probe  
  79  7:19  Shield Battery  
  81  7:24  Pylon  
  81  7:27  Shield Battery  
  81  7:28  Probe  
  82  7:35  Mothership  
  82  7:36  Pylon  
  82  7:38  Pylon  
  82  7:43  Carrier  
  88  7:45  Stargate  
  96  7:59  Protoss Shields Level 1  
  96  8:06  Pylon  
  96  8:34  Carrier  
  102  8:43  Pylon  
  102  8:45  Nexus  
  102  9:00  Carrier  
  102  9:02  Pylon  
  108  9:16  Shield Battery  
  107  9:18  Shield Battery  
  107  9:20  Shield Battery  
  107  9:22  Pylon  
  107  9:24  Photon Cannon  
  107  9:25  Assimilator  
  107  9:30  Assimilator  
  107  9:38  Carrier  
  113  9:39  Carrier  
  113  9:44  Probe x2  
  121  9:56  Probe  
  121  9:58  Probe x2  
  124  10:03  Pylon  
  124  10:04  Carrier  
  124  10:05  Photon Cannon  
  130  10:07  Photon Cannon  
  130  10:08  Probe  
  130  10:09  Photon Cannon  
  131  10:27  Carrier  
  131  10:28  Probe x3  
  140  10:33  Pylon  
  140  10:35  Photon Cannon  
  140  10:37  Shield Battery  
  140  10:40  Probe  
  141  10:46  Probe, Shield Battery  
  141  10:47  Probe  
  141  10:48  Pylon  
  143  10:51  Protoss Air Armor Level 2  
  143  10:57  Protoss Air Weapons Level 2  
  143  11:00  Pylon  
  143  11:10  Tempest  
  147  11:21  Tempest x3  
  154  11:55  Tempest  
  154  12:05  Tempest x2  
  169  12:43  Tempest  
  169  12:44  Tempest  
  179  12:52  Pylon  
  179  12:55  Pylon  
  179  12:57  Pylon  
  179  13:10  Tempest  
  184  13:18  Carrier x2  
  194  13:36  Protoss Air Weapons Level 3  
  194  13:45  Protoss Air Armor Level 3  
  123  15:49  Nexus  
  123  15:51  Probe  
  123  15:53  Photon Cannon  
  123  15:55  Photon Cannon  
  123  15:56  Photon Cannon  
  125  15:57  Probe  
  125  15:59  Pylon  
  125  16:02  Pylon  
  125  16:03  Probe  
  116  16:26  Shield Battery  
  116  16:28  Photon Cannon  
  116  16:31  Photon Cannon  
  116  16:33  Photon Cannon  
  116  16:35  Carrier, Shield Battery  
  116  16:36  Shield Battery  
  117  17:09  Carrier  
Show
View Real Time Build Order
Export as new Build Order

qqq Zerg - Winner!

Build Orders: Hatch First 

Get SALT Encoding   

  12  0:02  Drone  
  13  0:08  Drone  
  14  0:34  Hatchery  
  13  0:50  Spawning Pool  
  12  0:57  Overlord  
  12  1:03  Drone  
  13  1:08  Drone  
  14  1:21  Drone  
  14  1:22  Drone  
  16  1:33  Drone  
  17  1:44  Extractor  
  17  1:45  Queen  
  18  1:49  Drone  
  18  1:50  Drone  
  20  2:07  Hatchery  
  19  2:11  Drone  
  19  2:12  Drone  
  21  2:17  Zergling x2  
  21  2:20  Zergling x2  
  23  2:35  Drone x2  
  25  2:38  Drone  
  25  2:40  Overlord  
  25  2:41  Drone  
  25  2:42  Drone  
  28  2:52  Overlord  
  28  3:03  Drone  
  28  3:04  Drone, Overlord  
  30  3:06  Drone  
  30  3:07  Zergling x2  
  30  3:08  Zergling x2  
  30  3:12  Metabolic Boost  
  33  3:15  Drone  
  34  3:23  Drone x2  
  34  3:27  Queen  
  36  3:30  Zergling x2  
  36  3:32  Zergling x2  
  36  3:33  Drone  
  41  3:40  Drone  
  42  3:42  Overlord  
  42  3:43  Evolution Chamber  
  42  3:45  Zergling x2  
  42  3:47  Drone  
  43  3:48  Drone  
  43  3:50  Drone  
  43  3:54  Drone  
  47  3:55  Zergling x2  
  47  4:00  Drone  
  48  4:12  Lair  
  48  4:14  Zerg Melee Weapons Level 1  
  48  4:21  Drone x3  
  48  4:22  Drone  
  53  4:24  Zergling x2  
  53  4:26  Zergling x2  
  53  4:27  Hatchery, Zergling x2  
  54  4:35  Drone x4  
  54  4:37  Extractor  
  57  4:41  Zergling x2, Overlord  
  57  4:42  Zergling x4  
  57  4:44  Drone  
  57  4:45  Drone  
  62  4:46  Drone  
  62  4:51  Spore Crawler  
  62  4:57  Spore Crawler  
  61  5:01  Drone  
  62  5:12  Drone  
  62  5:13  Zergling x6  
  66  5:16  Zergling x6, Overlord x2  
  66  5:17  Drone x2  
  66  5:18  Drone  
  72  5:26  Hydralisk Den  
  71  5:29  Spore Crawler  
  71  5:32  Spore Crawler  
  71  5:33  Drone x2  
  67  5:36  Drone  
  68  5:46  Spore Crawler  
  68  5:47  Spore Crawler  
  68  5:49  Spore Crawler  
  63  5:51  Spore Crawler  
  63  5:53  Drone x2  
  63  5:54  Drone x2  
  65  6:09  Hatchery, Drone x3, Spore Crawler  
  65  6:10  Drone  
  65  6:11  Drone, Spore Crawler  
  65  6:33  Drone  
  65  6:35  Drone x2  
  65  6:38  Drone x6  
  74  6:41  Spore Crawler  
  74  6:42  Spore Crawler  
  74  6:44  Spore Crawler  
  61  7:06  Drone x2  
  61  7:07  Drone x2, Hatchery  
  64  7:15  Hydralisk x5  
  63  7:19  Grooved Spines  
  68  7:24  Drone x2  
  68  7:27  Drone  
  70  7:38  Hatchery, Zerg Ground Armor Level 1  
  70  7:39  Drone x5  
  70  7:43  Spine Crawler  
  73  7:44  Spine Crawler  
  73  7:47  Spine Crawler  
  73  7:48  Spine Crawler  
  73  7:49  Drone x2  
  72  7:52  Spore Crawler  
  71  8:13  Infestation Pit  
  71  8:14  Drone x4  
  71  8:15  Drone x4  
  71  8:16  Evolution Chamber  
  77  8:20  Hydralisk x3  
  77  8:22  Overlord x2  
  83  8:30  Muscular Augments  
  83  8:32  Drone  
  84  8:36  Spore Crawler  
  84  8:38  Spine Crawler x2  
  84  8:39  Spore Crawler  
  84  8:40  Drone  
  84  8:41  Drone x3  
  82  8:42  Drone, Spine Crawler  
  82  8:43  Drone  
  82  8:45  Drone  
  82  8:46  Drone  
  82  8:47  Drone  
  88  9:02  Hydralisk x2  
  92  9:03  Zergling x6  
  92  9:09  Zergling x2  
  81  9:10  Drone x4  
  81  9:11  Hydralisk x2, Zergling x8  
  87  9:27  Hydralisk x4  
  89  9:34  Hive  
  89  9:37  Drone x4  
  89  9:38  Drone x5  
  97  9:39  Zergling x10  
  97  9:40  Zergling x2  
  97  9:41  Hydralisk  
  106  9:50  Drone  
  103  9:58  Drone x2  
  104  10:00  Overlord x2  
  104  10:01  Hatchery  
  96  10:22  Hatchery  
  96  10:27  Drone  
  96  10:28  Drone x6, Overlord x2  
  102  10:29  Overlord  
  102  10:30  Zergling x6  
  102  10:31  Hatchery, Drone x2  
  102  10:32  Drone x3  
  109  10:42  Lurker Den, Zerg Melee Weapons Level 2  
  108  10:44  Zerg Missile Weapons Level 1  
  108  10:45  Drone x3  
  108  10:46  Drone  
  108  10:47  Hydralisk  
  108  10:48  Zergling x2  
  115  10:54  Extractor  
  114  10:58  Extractor  
  114  10:59  Spore Crawler  
  114  11:00  Spine Crawler  
  114  11:01  Spine Crawler  
  114  11:02  Drone x2  
  114  11:03  Drone x6  
  118  11:12  Extractor  
  118  11:13  Drone x3  
  118  11:15  Zergling x2  
  118  11:16  Hydralisk x2, Zergling x2  
  118  11:17  Hydralisk  
  127  11:40  Hydralisk x3  
  127  11:41  Zergling x4  
  127  11:42  Zergling x12  
  127  11:43  Drone, Zergling x2  
  127  11:44  Zergling x6  
  136  12:00  Hydralisk x2  
  139  12:03  Drone x6  
  139  12:04  Drone  
  139  12:05  Extractor  
  145  12:16  Extractor  
  139  12:30  Hydralisk x3  
  139  12:31  Hydralisk x2  
  139  12:33  Drone  
  139  12:34  Drone x4  
  139  12:35  Drone  
  150  12:37  Drone x2  
  150  12:39  Overlord x3  
  150  12:40  Overlord x4  
  150  12:42  Spore Crawler  
  150  12:43  Spine Crawler  
  149  12:45  Spine Crawler  
  149  12:46  Spine Crawler  
  149  12:50  Drone  
  148  12:52  Extractor  
  147  12:59  Lurker x3  
  147  13:01  Zergling x8  
  147  13:02  Zergling x6  
  147  13:04  Drone x3  
  160  13:07  Extractor  
  160  13:09  Extractor  
  158  13:14  Extractor  
  158  13:17  Drone x2  
  158  13:18  Drone x5, Extractor  
  158  13:19  Drone x3  
  166  13:20  Extractor  
  166  13:22  Extractor  
  166  13:23  Zergling x6  
  166  13:24  Zergling x10  
  172  13:52  Hydralisk x3  
  172  13:53  Zergling x4  
  172  13:54  Zergling x14  
  187  13:55  Drone x2  
  187  13:56  Drone x7  
  187  14:01  Zerg Melee Weapons Level 3  
  193  14:03  Ultralisk Cavern  
  193  14:04  Zerg Ground Armor Level 2  
  193  14:05  Seismic Spines  
  192  14:14  Drone x2  
  192  14:15  Extractor, Hydralisk x2  
  192  14:16  Hydralisk  
  159  14:55  Hydralisk x6  
  159  14:56  Hydralisk x8  
  159  14:57  Hydralisk  
  159  14:58  Drone x3  
  159  14:59  Hydralisk x6  
  188  15:02  Adaptive Talons  
  188  15:20  Hydralisk x6  
  199  15:27  Lurker  
  180  15:42  Lurker  
  180  15:43  Lurker x2  
  180  15:47  Ultralisk x3  
  142  16:18  Hydralisk x2  
  142  16:19  Hydralisk x8  
  142  16:20  Hydralisk x5  
  172  16:30  Hydralisk x2  
  172  16:43  Spore Crawler  
  172  16:44  Chitinous Plating  
  172  16:45  Spore Crawler  
  172  16:46  Spore Crawler  
  167  16:52  Ultralisk x5  
  167  16:53  Hydralisk, Zergling x2  
  196  17:01  Overlord  
  186  17:42  Hydralisk x2, Ultralisk  
  196  17:44  Overlord  
  196  17:45  Overlord x3  
  174  17:58  Hatchery  
  174  18:02  Anabolic Synthesis  
  164  18:07  Hatchery  
  159  18:15  Hatchery  
  159  18:16  Lurker  
  145  18:40  Hydralisk x3  
  145  18:41  Hydralisk x4  
  181  18:46  Hydralisk  
  181  18:48  Zergling x6  
Show
View Real Time Build Order
Export as new Build Order

Massa Terran - Winner!

Build Orders:  

Get SALT Encoding   

  12  0:11  Supply Depot  
  12  0:13  SCV  
  13  0:25  SCV  
  14  0:35  Barracks  
  14  0:39  SCV  
  15  0:50  Supply Depot  
  15  0:52  SCV  
  16  1:04  SCV  
  17  1:16  SCV  
  18  1:23  Supply Depot  
  19  1:34  Marine  
  19  1:44  Command Center  
  19  1:50  Refinery  
  19  1:52  Marine  
  20  1:59  Orbital Command  
  20  2:15  Barracks  
  20  2:20  Marine  
  21  2:28  SCV  
  21  2:29  Refinery  
  22  2:38  Marine  
  22  2:40  SCV  
  24  2:52  SCV  
  25  3:04  Barracks Tech Lab, SCV  
  25  3:05  Command Center  
  26  3:08  SCV  
  27  3:16  SCV  
  28  3:20  SCV  
  29  3:33  Engineering Bay  
  29  3:42  Stimpack  
  29  3:43  Barracks Tech Lab  
  29  3:46  SCV x2  
  31  3:54  Factory  
  31  3:58  SCV  
  31  4:00  Orbital Command  
  32  4:04  Marauder  
  32  4:09  Marauder  
  36  4:10  SCV  
  36  4:14  Concussive Shells  
  37  4:23  SCV  
  38  4:25  Marine  
  38  4:29  Marine  
  38  4:30  Refinery, SCV  
  41  4:35  SCV  
  41  4:38  Terran Infantry Weapons Level 1  
  42  4:40  Factory Tech Lab  
  42  4:42  SCV  
  43  4:47  SCV  
  44  4:54  SCV, Missile Turret  
  44  4:59  SCV  
  46  5:00  Missile Turret  
  46  5:06  SCV  
  47  5:07  Orbital Command  
  47  5:10  Marauder x2  
  47  5:11  SCV  
  52  5:16  Missile Turret  
  52  5:18  SCV  
  53  5:22  Missile Turret  
  53  5:23  SCV  
  54  5:31  SCV  
  54  5:35  SCV, Missile Turret  
  56  5:38  Missile Turret  
  56  5:43  SCV x2  
  56  5:44  Refinery  
  56  5:47  SCV  
  59  5:50  Marauder  
  61  5:59  Supply Depot  
  61  6:07  Combat Shield  
  61  6:14  Barracks  
  61  6:20  SCV, Siege Tank  
  61  6:21  Marauder x2  
  61  6:22  Supply Depot  
  69  6:27  Supply Depot  
  69  6:28  Supply Depot  
  69  6:41  Barracks  
  69  6:43  SCV x3  
  69  6:44  Marauder x2  
  76  6:50  Starport  
  76  6:52  Siege Tank, Supply Depot  
  76  6:54  Supply Depot  
  79  6:55  SCV x3  
  82  7:05  Marauder x2  
  82  7:08  SCV x3  
  89  7:09  Barracks Reactor  
  89  7:15  Supply Depot  
  89  7:20  SCV x3  
  92  7:25  Siege Tank  
  92  7:26  Marauder x2  
  92  7:28  Starport, Armory  
  99  7:32  SCV x2  
  99  7:33  Refinery  
  99  7:36  Refinery  
  101  7:38  Medivac, Supply Depot  
  103  7:46  Marine  
  103  7:48  Marauder x2  
  103  7:51  Barracks Reactor  
  108  7:52  Marine  
  108  7:55  SCV x3  
  112  8:04  Marine  
  113  8:07  SCV x3  
  113  8:08  Medivac  
  113  8:09  Marauder x2  
  113  8:10  Marine  
  123  8:19  SCV x2  
  125  8:21  SCV, Command Center  
  125  8:41  Missile Turret x3  
  125  8:53  Supply Depot  
  125  8:54  Supply Depot  
  125  8:55  Supply Depot x2  
  125  9:14  Marine x4, Medivac x2  
  125  9:15  Marine x2  
  125  9:16  Siege Tank  
  138  9:17  Supply Depot  
  138  9:18  Supply Depot  
  138  9:19  Supply Depot x2  
  138  9:23  SCV x3  
  141  9:32  Marine x4  
  141  9:33  Marine x2  
  141  9:35  SCV x3  
  150  9:44  Medivac  
  152  9:47  SCV x3  
  152  9:48  Siege Tank  
  152  9:49  Terran Infantry Armor Level 1  
  152  9:50  Marine x4, Terran Vehicle Weapons Level 1  
  152  9:51  Marine x2  
  164  9:55  Engineering Bay  
  164  9:59  SCV x3  
  167  10:07  Marine x2  
  167  10:08  Marauder x2  
  167  10:09  Marine x2  
  167  10:11  SCV x3  
  178  10:22  Armory  
  178  10:27  Planetary Fortress  
  178  10:29  Marauder x2  
  178  10:30  Marine x4  
  178  10:33  Terran Infantry Weapons Level 2  
  186  10:45  Supply Depot  
  186  10:47  Marine  
  186  10:48  Marine x3  
  190  10:51  Marauder x2  
  190  10:54  Medivac x2  
  198  11:03  Missile Turret  
  198  11:05  Marine x2  
  198  11:08  Supply Depot  
  200  11:20  Command Center  
  200  11:24  Missile Turret  
  200  11:32  Supply Depot  
  200  11:44  Missile Turret  
  184  11:53  Supply Depot  
  164  12:04  Marauder x2, Marine, Missile Turret  
  164  12:05  Marine x3  
  164  12:07  Thor  
  178  12:14  Factory  
  178  12:15  Factory  
  178  12:17  Factory, Supply Depot  
  178  12:18  Barracks x2  
  178  12:22  Marine  
  179  12:23  Marine x3  
  179  12:24  Missile Turret  
  179  12:25  Marauder  
  179  12:26  Marauder  
  185  12:40  Marine x4  
  185  12:43  Missile Turret  
  189  12:47  Marauder x2  
  189  12:50  Thor  
  197  12:58  Marine x4  
  192  13:05  Missile Turret  
  192  13:08  Marauder x2  
  135  13:21  Marine  
  135  13:22  Marine x3  
  133  13:29  Orbital Command, Marauder  
  133  13:30  Marauder  
  133  13:31  SCV  
  133  13:32  SCV x3  
  133  13:33  Thor  
  147  13:38  Factory Tech Lab x2  
  147  13:39  Marine x4  
  147  13:40  Factory Tech Lab  
  151  13:43  SCV  
  151  13:44  Barracks Reactor x2, SCV x3  
  155  13:51  Marauder x2  
  159  13:55  SCV  
  159  13:56  SCV x3  
  159  13:57  Marine x4  
  159  13:59  Terran Vehicle Weapons Level 2  
  159  14:00  Terran Infantry Armor Level 2  
  159  14:01  Terran Infantry Weapons Level 3  
  167  14:04  Terran Vehicle And Ship Armor Level 1  
  167  14:07  SCV  
  167  14:08  SCV x3  
  171  14:12  Marauder  
  171  14:13  Marauder  
  171  14:15  Marine x4, Thor  
  185  14:20  SCV x2, Command Center  
  186  14:32  Marine x2  
  186  14:33  Marauder, Marine x6  
  186  14:34  Marauder  
  190  14:50  Marine x2  
  190  14:51  Marine x6  
  183  14:55  Marauder x2  
  173  15:08  Marine x7  
  173  15:09  Marine  
  162  15:16  Marauder  
  162  15:17  Marauder  
  148  15:26  Marine x8  
  156  15:30  Medivac x2  
  156  15:34  Thor x4  
  184  15:37  Marine x2  
  184  15:39  Command Center  
  186  15:44  Marine x8  
  194  15:50  Command Center  
  194  15:55  Marine x2  
  196  15:59  Terran Vehicle And Ship Armor Level 2  
  196  16:00  Medivac  
  196  16:01  Marine x2  
  200  16:13  Marauder, Marine  
  200  16:14  Marine x2  
  200  16:15  Marine  
  200  16:24  Terran Infantry Armor Level 3  
  200  16:38  Hi-Sec Auto Tracking  
  200  16:52  Refinery  
  200  17:00  Starport Tech Lab, Starport Reactor  
  153  18:49  Marauder  
  153  18:50  Marauder, Marine  
  153  18:51  Marine x7  
Tags
 
Add a new tag
Caveats
  • Supply blocks, unpowered buildings, or Contaminate may cause inaccurate times.
  • Supply counts are checked every 10 seconds.